 Dungeon Crawl Stone Soup version 0.29-a0-231-g945431f764 (webtiles) character file.

Game seed: 15762665847435037148

1349 GabrielManson the Sneak (level 8, 0/54 HPs)
             Began as an Octopode Delver on Mar 1, 2022.
             Slain by a black bear (6 damage)
             ... on level 6 of the Dungeon.
             The game lasted 00:22:16 (4980 turns).

GabrielManson the Sneak (Octopode Delver)           Turns: 4980, Time: 00:22:17

Health: 0/54       AC:  1    Str: 19    XL:     8   Next: 63%
Magic:  12/12      EV: 15    Int: 12    God:
Gold:   274        SH:  0    Dex: 20    Spells: 3/13 levels left

rFire   . . .      SeeInvis .     - Unarmed
rCold   . . .      Faith    .   (no shield)
rNeg    . . .      Spirit   .   (helmet restricted)
rPois   .          Reflect  .   (no amulet)
rElec   .          Harm     .   g - +6 ring of strength
rCorr   .          Rampage  .   m - ring of flight
Will    .....                   o - +6 ring of dexterity
Stlth   +++++.....              (no ring)
HPRegen 0.18/turn               (no ring)
MPRegen 0.13/turn               (no ring)
                                (no ring)
                                (no ring)

@: flying
A: almost no armour, amphibious, 8 rings, camouflage 1, gelatinous body 1,
(nimble swimmer 1), tentacles
a: no special abilities


You were on level 6 of the Dungeon.
You visited 1 branch of the dungeon, and saw 6 of its levels.

You collected 274 gold pieces.

Inventory:

Jewellery
 e - an amulet of faith
 g - a +6 ring of strength (left tentacle)
 m - a ring of flight (right tentacle)
 o - a +6 ring of dexterity (on tentacle)
 x - a +4 ring of evasion
Wands
 f - a wand of digging (3)
 u - a wand of polymorph (7)
Scrolls
 a - a scroll of teleportation {unknown}
 b - 4 scrolls of fog
 c - a scroll of magic mapping
 d - a scroll of fear
 h - a scroll of blinking {unknown}
 i - 2 scrolls of vulnerability
 j - a scroll of holy word {unknown}
 k - a scroll of summoning {unknown}
 l - 2 scrolls of identify
 n - a scroll of brand weapon {unknown}
 p - 2 scrolls of noise {unknown}
 w - a scroll of immolation {unknown}
 y - a scroll of amnesia {unknown}
Potions
 q - a potion of magic {unknown}
 r - 2 potions of attraction {unknown}
 s - 3 potions of lignification {unknown}
 t - a potion of might {unknown}


   Skills:
 - Level 4.5 Fighting
 - Level 2.0 Short Blades
 - Level 4.5 Dodging
 - Level 7.0 Stealth
 - Level 6.1 Unarmed Combat
 - Level 3.0 Spellcasting
 - Level 3.2 Translocations
 * Level 2.2 Transmutations


You had 3 spell levels left.
You knew the following spells:

 Your Spells              Type           Power      Damage    Failure   Level
a - Teleport Other        Tloc           9%         N/A       19%         3
b - Gell's Gravitas       Tloc           9%         N/A       19%         3
c - Wereblood             Tmut           7%         N/A       14%         2
d - Sublimation of Blood  Necr           1%         N/A       36%         2

Your spell library contained the following spells:

 Spells                   Type           Power      Damage    Failure   Level
 Lesser Beckoning         Tloc           9%         N/A       19%         3
 Summon Hydra             Summ           0%         N/A       100%        7


Dungeon Overview and Level Annotations

Branches:
Dungeon (6/15)
 Temple: D:4-7

Altars:

Annotations:
D:3 Terence


Innate Abilities, Weirdness & Mutations

You cannot wear most types of armour.
You are amphibious.
You can wear up to eight rings at the same time.
Your skin changes colour to match your surroundings (Stealth+).
Your rubbery body absorbs attacks. (AC +1, EV +1)
((You are camouflaged when in or above water. (Stealth+)))
You have tentacles for arms and can constrict up to eight enemies at once.


Message History

The sky beast closely misses you.
You barely miss the sky beast.
The sky beast is heavily wounded.
You bludgeon the sky beast!
The sky beast is almost dead.
The sky beast flickers out of sight!
Deactivating autopickup; reactivate with Ctrl-A.
Something hits you. Something shocks you.
* * * LOW HITPOINT WARNING * * *
You miss something. You squeeze something.
Reactivating autopickup.
You feel a bit more experienced.
Your Transmutations skill gained 2 levels and is now at level 2!
You tentacle-slap the black bear but do no damage.
You grab the black bear. You constrict the black bear.
The black bear barely misses you. The black bear completely misses you.
The black bear misses you.
You tentacle-slap the black bear. You squeeze the black bear.
The black bear is moderately wounded.
You constrict the black bear. The black bear closely misses you.
The black bear claws you.
* * * LOW HITPOINT WARNING * * *
The black bear completely misses you.
You barely miss the black bear.
The black bear is moderately wounded.
You constrict the black bear. The black bear misses you.
The black bear claws you.
* * * LOW HITPOINT WARNING * * *
The black bear claws you.
* * * LOW HITPOINT WARNING * * *
Aiming: Polymorph
Press: ? - help, Shift-Dir - straight line, f - black bear
Aim: a black bear (heavily wounded, constricted by you, will become a polar bear, a frilled lizard, or a raiju, chance to affect: 49%)
The black bear resists with some effort.
You constrict the black bear. The black bear bites you.
* * * LOW HITPOINT WARNING * * *
The black bear closely misses you. The black bear claws you.
* * * LOW HITPOINT WARNING * * *
You feel better.
You constrict the black bear. The black bear bites you.
You die...

.......#...........##############
...#####...##......#.............
..######......................O..
...........##......#.###########.
.....###.................# #.
.....'...>..#######......# #.
.....##..........##......#######.
.....##.....####.##..............
.....##..#### #@######..........
..........######h#### #.>....<...
..........#.....≈...###..<.......
..........#..........##..........
...###....#......>...##..........
.... ....#..........##..........
...## ...#..........###...##....
.... ..................######
.... .#####...##.......#


You could see a black bear.

Vanquished Creatures
  Grinder (D:4)
  Sigmund (D:2)
  A sky beast (D:6)
  2 black bears (D:5)
  An ogre (D:5)
  A phantom (D:4)
  A howler monkey (D:5)
  4 hounds
  5 iguanas
  Natasha (thrice) (D:3)
  2 orc wizards
  Robin (D:3)
  A gnoll (D:1)
  4 adders
  2 worms (D:2)
  2 dart slugs
  16 orcs
  9 bats
  7 endoplasms
  7 giant cockroaches
  16 goblins
  4 hobgoblins
  6 quokkas
  10 ball pythons
  6 frilled lizards
  8 kobolds
  6 rats
127 creatures vanquished.

Vanquished Creatures (others)
  44 plants
44 creatures vanquished.

Grand Total: 171 creatures vanquished

Notes
Turn   | Place    | Note
-------+----------+-------------------------------------------
     0 | D:5      | GabrielManson the Octopode Delver began the quest for the
                  | Orb.
     0 | D:5      | Reached XP level 1. HP: 16/16 MP: 1/1
     1 | D:5      | Noticed a howler monkey
     9 | D:5      | Noticed a black bear
     9 | D:5      | Noticed a hound
    16 | D:5      | Noticed an iguana
    19 | D:6      | Noticed an iguana
    19 | D:6      | Noticed a hound
    34 | D:6      | Noticed an ogre
    35 | D:6      | Noticed a jelly
    84 | D:5      | Noticed an iguana
    90 | D:5      | Killed an iguana
    91 | D:5      | Reached XP level 2. HP: 21/21 MP: 2/2
    91 | D:5      | Reached XP level 3. HP: 26/26 MP: 3/3
    93 | D:5      | Noticed a black bear
   103 | D:5      | Killed a black bear
   104 | D:5      | Reached XP level 4. HP: 14/31 MP: 4/4
   114 | D:5      | Reached XP level 5. HP: 11/36 MP: 5/5
   539 | D:4      | Noticed Grinder
   550 | D:4      | Killed Grinder
   551 | D:4      | Reached skill level 5 in Unarmed Combat
   551 | D:4      | Reached XP level 6. HP: 7/43 MP: 6/6
  1111 | D:3      | Noticed Natasha
  1117 | D:3      | Killed Natasha
  1118 | D:3      | Reached XP level 7. HP: 48/48 MP: 7/7
  1129 | D:3      | Noticed Natasha
  1136 | D:3      | Killed Natasha
  1154 | D:3      | Noticed Natasha
  1160 | D:3      | Killed Natasha
  1401 | D:2      | Found a faded altar of an unknown god.
  2053 | D:2      | Noticed Sigmund
  2061 | D:2      | Killed Sigmund
  2062 | D:2      | Reached skill level 7 in Stealth
  2300 | D:2      | Learned a level 3 spell: Teleport Other
  2304 | D:2      | Learned a level 3 spell: Gell's Gravitas
  2733 | D:3      | Noticed Robin
  2733 | D:3      | Noticed Terence
  2785 | D:3      | Killed Robin
  3130 | D:4      | Reached skill level 1 in Spellcasting
  3130 | D:4      | Reached skill level 1 in Translocations
  3144 | D:4      | Reached XP level 8. HP: 51/54 MP: 8/10
  4905 | D:6      | Learned a level 2 spell: Wereblood
  4908 | D:6      | Learned a level 2 spell: Sublimation of Blood
  4979 | D:6      | HP: 1/54 [black bear (3)]
  4980 | D:6      | Slain by a black bear

Illustrated notes

Levels and vault maps discovered:
D:1:      dpeg_arrival_rhombus, layout_rooms, st_stairs_7
D:2:      minmay_wonky_spiral, layout_basic, nicolae_ecumenical_pavilion,
          uniq_sigmund
D:3:      layout_basic, amcnicky_mini_pool_small, uniq_robin, uniq_natasha,
          uniq_terence
D:4:      layout_loops_ring, serial_forest, infiniplex_forest_clump_long,
          infiniplex_forest_fountain, infiniplex_forest_lined_2,
          infiniplex_forest_end_2, infiniplex_forest_clump_double,
          infiniplex_forest_end_double, infiniplex_forest_straight_4,
          uniq_grinder
D:5:      layout_loops_cross, serial_bayou, serial_bayou_pond_b,
          serial_bayou_shore_a, serial_bayou_pond_d, serial_bayou_ford_a,
          serial_bayou_pond_a
D:6:      layout_basic, elyvilon_altar_5, minmay_temple_entry_overgrown

Skill      XL: |  1  2  3  4  5  6  7  8 |
---------------+-------------------------+-----
Unarmed Combat | 2 4 5 6 |  6.1
Dodging        | 3 4 |  4.5
Fighting       | 4 |  4.5
Stealth        | 7 |  7.0
Spellcasting   | 1 3 |  3.0
Translocations | 1 3 |  3.2
Transmutations | 2 |  2.2
Short Blades   | |  2.0

Action                   |  1- 3 |  4- 6 |  7- 9 || total
-------------------------+-------+-------+-------++-------
Melee: Tentacles         |     3 |    17 |    44 ||    64
       Short sword       |     2 |       |       ||     2
       Constrict         |     2 |    10 |    53 ||    65
       Unarmed           |     6 |    54 |   196 ||   256
       Punch             |       |     4 |    10 ||    14
 Cast: Gell's Gravitas   |       |       |     3 ||     3
Evoke: Wand              |       |       |     1 ||     1
  Use: Potion            |     1 |       |     2 ||     3
       Scroll            |       |       |     2 ||     2
 Stab: Sleeping          |       |     7 |    21 ||    28
       Distracted        |       |       |     5 ||     5
Armor: Skin              |       |       |    15 ||    15
Dodge: Dodged            |     9 |    16 |   120 ||   145

Table legend: (Time is in decaauts)
 A = Elapsed time spent in this place.
 B = Non-inter-level travel time spent in this place.
 C = Inter-level travel time spent in this place.
 D = Time resting spent in this place.
 E = Time spent auto-exploring this place.
 F = Levels seen in this place.
 G = Mean time per level.
                   A        B        C        D        E       F      G
               +--------+--------+--------+--------+--------+-----+--------+
         Total |   4952 |   4803 |    149 |    661 |   3041 |   6 |  825.3 |
       Dungeon |   4952 |   4803 |    149 |    661 |   3041 |   6 |  825.3 |
               +--------+--------+--------+--------+--------+-----+--------+

Top non-repeatable levels by time:
     D:4: 1450 daAuts
     D:5: 1139 daAuts
     D:3: 975 daAuts
     D:2: 706 daAuts
     D:1: 520 daAuts
     D:6: 161 daAuts
